Map: Ancient Cistern LE

Players

ForJumY

  • Race: Protoss Protoss
  • League: Grandmaster
  • Spawn Location: 1:00

MaxPax - Winner!

  • Race: Protoss Protoss
  • League: Master
  • Spawn Location: 7:00

VOD

Have the link to the VOD?

Description

Time

  • Played on: March 5, 2023, 3:05 p.m.
  • Length: 4:35
Show
View Real Time Build Order
Export as new Build Order

ForJumY Protoss 

Build Orders:  

Get SALT Encoding   

  12  0:00  Probe  
  13  0:12  Probe  
  14  0:16  Pylon  
  14  0:24  Probe  
  15  0:35  Gateway  
  15  0:36  Probe (Chrono Boost)  
  16  0:47  Probe (Chrono Boost), Assimilator  
  17  0:51  Probe (Chrono Boost)  
  17  0:55  Assimilator  
  18  1:03  Probe (Chrono Boost)  
  19  1:08  Gateway  
  19  1:14  Probe (Chrono Boost)  
  20  1:19  Probe (Chrono Boost)  
  20  1:24  Cybernetics Core  
  21  1:29  Probe  
  22  1:39  Pylon  
  22  1:41  Probe  
  23  1:58  Warp Gate (Chrono Boost)  
  23  2:00  Stalker  
  23  2:01  Stalker  
  27  2:12  Gateway  
  27  2:27  Pylon  
  27  2:30  Stalker  
  27  2:35  Stalker  
  30  2:47  Gateway  
  30  2:59  Stalker  
  30  3:04  Pylon  
  32  3:32  Stalker  
  32  3:33  Stalker  
  36  3:37  Stalker  
  38  3:41  Stalker  
  38  3:56  Stalker x2  
  40  4:07  Stalker  
  36  4:10  Stalker  
  34  4:27  Stalker x2  
Show
View Real Time Build Order
Export as new Build Order

MaxPax Protoss - Winner!

Build Orders: 1 Gate Expand, Proxy Void Ray 

Get SALT Encoding   

  12  0:00  Probe  
  13  0:12  Probe  
  14  0:19  Pylon  
  14  0:24  Probe  
  15  0:37  Probe (Chrono Boost)  
  15  0:38  Gateway  
  16  0:47  Assimilator  
  16  0:48  Probe (Chrono Boost)  
  17  0:52  Probe (Chrono Boost)  
  18  1:03  Probe  
  19  1:15  Probe  
  20  1:22  Nexus  
  20  1:33  Cybernetics Core  
  20  1:36  Probe  
  21  1:41  Assimilator  
  21  1:48  Probe  
  21  1:51  Pylon  
  22  2:00  Probe  
  23  2:07  Adept (Chrono Boost)  
  23  2:12  Probe  
  26  2:16  Stargate  
  26  2:24  Probe  
  27  2:32  Stalker, Shield Battery  
  27  2:34  Probe  
  30  2:43  Probe  
  32  2:56  Forge  
  31  2:58  Probe  
  36  3:08  Void Ray (Chrono Boost)  
  36  3:13  Shield Battery  
  37  3:31  Photon Cannon  
  40  3:36  Void Ray (Chrono Boost)  
  40  3:39  Photon Cannon  
  40  3:45  Probe  
  41  3:57  Shield Battery  
  41  4:02  Photon Cannon  
  45  4:10  Photon Cannon  
  45  4:18  Robotics Facility  
  41  4:32  Photon Cannon  
Tags
 
Add a new tag
Caveats
  • Supply blocks, unpowered buildings, or Contaminate may cause inaccurate times.
  • Supply counts are checked every 10 seconds.